 Dungeon Crawl Stone Soup version 0.25.1-8-g42b30a86e7 (webtiles) character file.

Game seed: 4121907528727300840

6779 okrk the Cleaver (level 10, -3/90 HPs)
             Began as a Minotaur Fighter on Dec 11, 2020.
             Was a Priest of Qazlal.
             Slain by a gnoll (5 damage)
             ... on level 10 of the Dungeon.
             The game lasted 00:18:11 (8020 turns).

okrk the Cleaver (Minotaur Fighter)                 Turns: 8020, Time: 00:18:11

Health: -3/90      AC:  8    Str: 25    XL:     10   Next: 76%
Magic:  9/9        EV: 16    Int:  5    God:    Qazlal [***...]
Gold:   429        SH: 16    Dex:  9    Spells: 9/9 levels left

rFire    . . .     SeeInvis .   l - +0 broad axe
rCold    + . .     Gourm    .   c - +0 kite shield
rNeg     . . .     Faith    .   C - +1 troll leather armour
rPois    .         Spirit   .   (helmet restricted)
rElec    .         Reflect  .   (no cloak)
rCorr    .         Harm     .   (no gloves)
MR       .....                  b - +0 pair of boots
Stlth    +.........             h - amulet of regeneration
HPRegen  1.05/turn              r - +4 ring of evasion
MPRegen  0.11/turn              y - ring of protection from cold

@: no status effects
A: retaliatory headbutt, horns 2
a: Upheaval, Elemental Force, Renounce Religion


You were on level 10 of the Dungeon.
You worshipped Qazlal.
Qazlal was most pleased with you.
You were full.

You visited 1 branch of the dungeon, and saw 10 of its levels.

You collected 541 gold pieces.
You spent 112 gold pieces at shops.

Inventory:

Hand Weapons
 l - a +0 broad axe (weapon)
Armour
 b - a +0 pair of boots (worn)
 c - a +0 kite shield (worn)
 C - a +1 troll leather armour (worn)
Jewellery
 h - an amulet of regeneration (around neck)
 r - a +4 ring of evasion (left hand)
 y - a ring of protection from cold (right hand)
Wands
 j - a wand of flame (12)
 o - a wand of acid (5)
 p - a wand of digging (3)
 t - a wand of clouds (7)
Scrolls
 d - a scroll of vulnerability {unknown}
 m - 3 scrolls of remove curse
 w - a scroll of summoning {unknown}
Potions
 g - 6 potions of flight
 i - a potion of magic {unknown}
 k - 2 potions of stabbing
 n - 2 potions of lignification
 q - a potion of brilliance
Comestibles
 f - 12 rations


   Skills:
 + Level 8.8 Fighting
 + Level 12.2 Axes
 + Level 9.5 Armour
 + Level 4.5 Dodging
 + Level 1.2 Stealth
 + Level 8.9 Shields
 + Level 0.7 Evocations


You had 9 spell levels left.
You didn't know any spells.
Your spell library contained the following spells:

 Spells                   Type           Power        Failure   Level  Hunger
 Animate Skeleton         Necr           N/A          78%         1    ##.....
 Apportation              Tloc           #.....       78%         1    ##.....
 Corona                   Hex            #......      78%         1    ##.....
 Summon Small Mammal      Summ           #...         78%         1    ##.....


Dungeon Overview and Level Annotations

Branches:
Dungeon (10/15)            Temple (0/1) D:5            Lair (0/6) D:9
    Orc (0/2) D:10

Altars:
Fedhas
Kikubaaqudgha
Qazlal
Sif Muna
Uskayaw
Wu Jian
Yredelemnul
Zin

Shops:
D:6 *   D:9 (


Innate Abilities, Weirdness & Mutations

You reflexively headbutt those who attack you in melee.
You have a pair of horns on your head.


Message History

The yak barely misses you.
The two-headed ogre is engulfed in blazing flames.
The two-headed ogre hits you with a +0 giant club!!
* * * LOW HITPOINT WARNING * * *
The two-headed ogre barely misses you.
You feel better. You block the killer bee's attack. The killer bee stings you.
* * * LOW HITPOINT WARNING * * *
The yak closely misses you.
The two-headed ogre hits you with a +0 giant club!
* * * LOW HITPOINT WARNING * * *
The two-headed ogre barely misses you.
You block the killer bee's attack. x2; The yak gores you!
* * * LOW HITPOINT WARNING * * *
The two-headed ogre is struck by lightning.
You kill the two-headed ogre!
Qazlal accepts your kill.
You climb downwards.
You block the gnoll's attack. The yak gores you.
* * * LOW HITPOINT WARNING * * *
The gnoll hits you.
You die...

,,,,,,**,,*,,,,,*,,,,,,,,,,*,,>,,
,,,*,,,,,,**#,###.#*#...,,,,,,,,,
,,,,,,**,,,,,.....##....,,,,,,,,,
,,,,,,*******.#.........,,,,,,,,,
,,,,,,,* *,.........,,,,,,,,,,
,,,,,,,*#######...Y..,,,,,,,,,,,,
,,,,,,,,...........#,,,,,,,,,,,,,
,,,,,,,,*#.....Y.g.#*,,,,,,,,,,,,
,,,,,,*,*#.....y@Y.#**,,,,,*,,,,,
,,,,,,*,*#.....Yg..# **,*,,***,**
,**,,,*,*#.........#* *,,,,,,,,**
,,,,,,,,.......g....#***,,,,,,,*,
*,,,,,*,..............,,,,,,,,,,,
*,,,,,,,...............,,,,,,,,,,
,,,,,,**#...............,,,,,,,,,
,,,,,,,,##..............***,,**,,
,,,,,,*,,****,,,,,,,,*,,* **,***,


You could see 4 yaks, a killer bee and 3 gnolls.

Vanquished Creatures
  A two-headed ogre (D:9)
  Grinder (D:6)
  2 trolls
  Prince Ribbit (D:6)
  3 wraiths (D:8)
  Eustachio (D:5)
  A human (D:7)
  2 yaks
  3 hogs (D:7)
  Menkaure (D:6)
  Edmund (D:5)
  Duvessa (D:4)
  An orc warrior (D:9)
  2 sky beasts
  An ice beast (D:8)
  A phantom (D:7)
  3 ogres
  3 centaurs (D:8)
  Blork the orc (D:5)
  5 bullfrogs
  Dowan (D:4)
  2 scorpions
  A water moccasin skeleton (D:9)
  4 killer bees (D:9)
  4 wights (D:8)
  4 howler monkeys
  2 electric eels (D:9)
  2 crimson imps
  2 centaur skeletons (D:8)
  11 hounds
  2 jellies (D:6)
  5 human zombies (D:8)
  3 orc priests
  3 orc wizards
  7 iguanas
  2 human skeletons (D:8)
  3 worker ants
  A hound skeleton (D:7)
  A mummy (D:8)
  7 gnolls
  A howler monkey skeleton (D:6)
  11 adders
  An ooze (D:4)
  2 adder zombies (D:9)
  An adder skeleton (D:9)
  A worm (D:2)
  A dart slug (D:1)
  6 leopard geckos
  27 orcs
  13 bats
  5 giant cockroaches
  9 hobgoblins
  9 jackals
  3 quokkas
  4 frilled lizards
  7 goblins
  A jackal skeleton (D:4)
  9 kobolds
  A leopard gecko skeleton (D:7)
  An orc skeleton (D:8)
  A quokka zombie (D:9)
  8 rats
224 creatures vanquished.

Notes
Turn   | Place    | Note
-------+----------+-------------------------------------------
     0 | D:1      | okrk the Minotaur Fighter began the quest for the Orb.
     0 | D:1      | Reached XP level 1. HP: 19/19 MP: 0/0
   197 | D:1      | Reached XP level 2. HP: 25/27 MP: 1/1
   597 | D:1      | Reached skill level 3 in Axes
   597 | D:1      | Reached XP level 3. HP: 33/33 MP: 2/2
  1089 | D:2      | Found a blossoming altar of Fedhas.
  1277 | D:2      | Reached XP level 4. HP: 40/41 MP: 3/3
  1329 | D:2      | Reached skill level 1 in Dodging
  1496 | D:2      | Found a stormy altar of Qazlal.
  1566 | D:2      | Reached skill level 4 in Axes
  1741 | D:2      | Found a shimmering blue altar of Sif Muna.
  2056 | D:2      | Became a worshipper of Qazlal Stormbringer
  2199 | D:3      | Reached XP level 5. HP: 40/47 MP: 4/4
  2665 | D:3      | Found a glowing silver altar of Zin.
  3232 | D:4      | Reached * piety under Qazlal
  3233 | D:4      | Reached skill level 5 in Axes
  3233 | D:4      | Reached XP level 6. HP: 51/55 MP: 5/5
  3380 | D:4      | Reached skill level 5 in Fighting
  3380 | D:4      | Reached skill level 5 in Armour
  3495 | D:4      | Noticed Duvessa
  3496 | D:4      | Noticed Dowan
  3506 | D:4      | Killed Duvessa
  3506 | D:4      | Reached skill level 6 in Axes
  3513 | D:4      | Killed Dowan
  3513 | D:4      | Reached XP level 7. HP: 53/61 MP: 6/6
  3533 | D:4      | Found an ancient bone altar of Kikubaaqudgha.
  3657 | D:4      | Found a hide-covered altar of Uskayaw.
  3713 | D:5      | Entered Level 5 of the Dungeon
  3719 | D:5      | Noticed Edmund
  3735 | D:5      | Killed Edmund
  3735 | D:5      | Reached skill level 5 in Shields
  3764 | D:5      | Reached skill level 7 in Axes
  4029 | D:5      | Found a staircase to the Ecumenical Temple.
  4029 | D:5      | Noticed Eustachio
  4061 | D:5      | Killed Eustachio
  4150 | D:5      | Noticed Blork the orc
  4157 | D:5      | Killed Blork the orc
  4157 | D:5      | Reached XP level 8. HP: 65/70 MP: 7/7
  4252 | D:6      | Found Umasiyrch's Assorted Antiques.
  4256 | D:6      | Bought a scroll of identify for 32 gold pieces
  4256 | D:6      | Bought a scroll labeled AGOYLI WIGGI for 16 gold pieces
  4256 | D:6      | Bought a scroll labeled PUIZIFFAUNK for 16 gold pieces
  4256 | D:6      | Bought a scroll labeled BYKEWIATEM for 16 gold pieces
  4257 | D:6      | Bought a scroll of identify for 32 gold pieces
  4357 | D:6      | Noticed Prince Ribbit
  4359 | D:6      | Reached skill level 8 in Axes
  4378 | D:6      | Killed Prince Ribbit
  4755 | D:6      | Noticed Grinder
  4760 | D:6      | Killed Grinder
  4760 | D:6      | Reached skill level 9 in Axes
  4842 | D:6      | Noticed Menkaure
  4845 | D:6      | Killed Menkaure
  5297 | D:7      | Reached XP level 9. HP: 60/78 MP: 8/8
  5425 | D:7      | Reached skill level 10 in Axes
  5560 | D:7      | Reached ** piety under Qazlal
  6675 | D:8      | Reached skill level 11 in Axes
  6709 | D:8      | Found an ornate altar of the Wu Jian Council.
  6878 | D:8      | Reached XP level 10. HP: 73/88 MP: 9/9
  6906 | D:8      | Found an ancient bone altar of Kikubaaqudgha.
  6956 | D:8      | Reached *** piety under Qazlal
  7424 | D:9      | Found a basalt altar of Yredelemnul.
  7448 | D:9      | Found Micreiti's Antique Weapon Shoppe.
  7616 | D:9      | Found a staircase to the Lair.
  7979 | D:10     | Entered Level 10 of the Dungeon
  7988 | D:10     | Noticed a two-headed ogre
  7995 | D:9      | Reached skill level 12 in Axes
  7995 | D:9      | Reached skill level 1 in Stealth
  8019 | D:9      | HP: 3/90 [yak (7)]
  8019 | D:9      | Killed a two-headed ogre
  8020 | D:10     | Slain by a gnoll

Illustrated notes

Levels and vault maps discovered:
D:1:      dpeg_arrival_pond, layout_loops_ring, serial_forest,
          infiniplex_forest_straight_5, infiniplex_forest_straight_2,
          infiniplex_forest_straight_5, infiniplex_forest_clump_tiny,
          infiniplex_forest_zigzag_2, infiniplex_forest_straight_1,
          infiniplex_forest_lined_3, infiniplex_forest_clump_double
D:2:      layout_loops_corners, nicolae_qazlal_eye_of_the_storm, fedhas_altar_1,
          chequers_serial_rivers_micro_d, lemuel_blue_sif_altar
D:3:      layout_loops_corners, zin_academy
D:4:      layout_cave_pools, minitemple, first_ration, uniq_duvessa
D:5:      layout_basic, minmay_temple_entry_proselytizer, glass_columns_a,
          uniq_edmund, uniq_eustachio, uniq_blork_the_orc
D:6:      layout_loops_corners, serial_shops, nicolae_shop_crystal,
          eino_curves_01, uniq_prince_ribbit1, uniq_menkaure, uniq_grinder
D:7:      kennysheep_spiral_hall, layout_loops_corners, grunt_livestock
D:8:      layout_loops_ring, lemuel_round_altar, minmay_misc_feat_doors,
          lemuel_mausoleum_altar_kikubaaqudgha
D:9:      layout_rooms, yredelemnul_altar_generic, erik_lair_island,
          serial_shops, nicolae_shop_statue_plus
D:10:     layout_rooms, orc_0_dummy, minmay_chambers_of_fives, uniq_psyche,
          uniq_grum

Skill      XL: |  1  2  3  4  5  6  7  8  9 10 |
---------------+-------------------------------+-----
Fighting       | 4 5 6 8 |  8.8
Armour         | 4 5 6 7 8 9 |  9.5
Shields        | 4 5 6 7 8 |  8.9
Axes           | 3 4 5 6 7 9 11 12 | 12.2
Dodging        | 1 2 3 4 |  4.5
Stealth        | 1 |  1.2
Evocations     | |  0.7

Action                   |  1- 3 |  4- 6 |  7- 9 | 10-12 || total
-------------------------+-------+-------+-------+-------++-------
Melee: War axe           |    99 |   120 |   222 |   120 ||   561
       Headbutt          |    10 |    24 |    40 |    26 ||   100
       Broad axe         |       |       |       |    13 ||    13
Evoke: Wand              |       |       |       |     4 ||     4
  Use: Scroll            |       |     7 |     3 |    10 ||    20
       Potion            |       |     5 |     3 |     5 ||    13
  Eat: Chunk             |     1 |     3 |     1 |       ||     5
       Ration            |       |     2 |     3 |     2 ||     7
Armor: Scale mail        |    73 |    46 |    41 |    36 ||   196
       Skin              |       |       |     3 |       ||     3
       Troll leather arm |       |       |       |     6 ||     6
Dodge: Dodged            |    41 |    29 |    49 |    81 ||   200
Block: Kite shield       |    65 |    56 |   124 |   154 ||   399
